 Dungeon Crawl Stone Soup version 0.29-a0-234-g0dae59b3db (webtiles) character file.

Game seed: 8932680743444807173

2476 bande the Chopper (level 9, -1/56 HPs)
             Began as a Gargoyle Fighter on Mar 4, 2022.
             Slain by Maggie
             ... wielding a +1 war axe of flaming
              (2 damage)
             ... on level 6 of the Dungeon.
             The game lasted 00:14:16 (10717 turns).

bande the Chopper (Gargoyle Fighter)               Turns: 10717, Time: 00:14:17

Health: -1/56      AC: 20    Str: 19    XL:     9   Next: 51%
Magic:  9/9        EV:  5    Int: 10    God:
Gold:   372        SH:  6    Dex: 19    Spells: 8/8 levels left

rFire   . . .      SeeInvis .   B - +9 broad axe of the Fray {protect, rCorr Stlth+}
rCold   . . .      Faith    .   c - +0 buckler
rNeg    + . .      Spirit   .   f - +0 plate armour
rPois   ∞          Reflect  .   (no helmet)
rElec   +          Harm     .   x - +0 cloak
rCorr   +          Rampage  .   (no gloves)
Will    .....                   (no boots)
Stlth   ..........              (no amulet)
HPRegen 0.18/turn               y - +6 ring of dexterity
MPRegen 0.11/turn               p - +4 ring of slaying

@: mighty, mesmerised
A: sickness immunity, AC +6, negative energy resistance 1, electricity
resistance, torment resistance 1, petrification resistance
a: no special abilities


You were on level 6 of the Dungeon.
You visited 2 branches of the dungeon, and saw 7 of its levels.
You also visited: Sewer and Ossuary.

You collected 372 gold pieces.

Inventory:

Hand Weapons
 q - a +0 war axe
 u - a +1 flail of protection
 B - the +9 broad axe of the Fray (weapon) {protect, rCorr Stlth+}
   (You acquired it on level 6 of the Dungeon)

   It grants its wielder temporary protection when it strikes (+7 to AC).
   rCorr:     It protects you from acid and corrosion.
   Stlth:     It makes you more stealthy.
Missiles
 k - a throwing net (quivered)
Armour
 c - a +0 buckler (worn)
 f - a +0 plate armour (worn)
 x - a +0 cloak (worn)
Jewellery
 e - a ring of magical power
 i - a ring of resist corrosion
 p - a +4 ring of slaying (right hand)
 y - a +6 ring of dexterity (left hand)
Wands
 m - a wand of acid (20)
 v - a wand of paralysis (1)
 w - a wand of flame (14)
 D - a wand of digging (5)
Scrolls
 b - a scroll of fog
 h - 4 scrolls of teleportation
 t - a scroll of fear
 A - a scroll of magic mapping
 C - 2 scrolls of identify
Potions
 a - a potion of mutation {unknown}
 d - 4 potions of might
 g - a potion of magic
 j - 2 potions of brilliance
 l - 4 potions of curing {unknown}
 n - 7 potions of flight
 o - 3 potions of cancellation
 r - 4 potions of ambrosia
 s - 2 potions of attraction {unknown}
 z - 3 potions of heal wounds {unknown}


   Skills:
 + Level 6.4 Fighting
 + Level 7.6 Axes
 + Level 7.0 Armour
 + Level 5.1 Shields
 * Level 4.0 Evocations


You had 8 spell levels left.
You didn't know any spells.
Your spell library contained the following spells:

 Spells                   Type           Power      Damage    Failure   Level
 Animate Skeleton         Necr           0%         N/A       100%        1
 Pain                     Necr           0%         1d4       100%        1
 Vampiric Draining        Necr           0%         2d6       100%        3


Dungeon Overview and Level Annotations

Branches:
Dungeon (6/15)             Temple (1/1) D:4           Sewer (visited)
Ossuary (visited)

Altars:
Fedhas
Makhleb
Nemelex Xobeh
Okawaru
Sif Muna
Wu Jian

Annotations:
D:6 Maggie


Innate Abilities, Weirdness & Mutations

You are immune to sickness and miasma.
Your stone body is resilient. (AC +6)
You are immune to poison.
You resist negative energy. (rN+)
You are resistant to electric shocks. (rElec)
You are resistant to unholy torment.
You are immune to petrification.


Message History

No target in view!
No target in view!
No target in view!
No target in view!
No target in view!
No target in view!
Items here: )) [[ †.
Okay, then.
Things that are here:
a +0 halberd; a +0 chain mail
Things that are here:
a +0 club; a +0 leather armour
D - a wand of digging (5)
You start resting.
HP restored.
There is a stone staircase leading up here.
You see here a +0 shortbow.
Maggie the Vainglorious comes into view.
She is wielding a +1 war axe of flaming.
Found a buckler.
Maggie shouts!
Maggie gestures wildly while chanting.
Maggie attempts to bespell you!
You are mesmerised by Maggie!
Maggie gestures wildly while chanting.
Maggie draws you further into her thrall.
Found 22 gold pieces.
Maggie casts a spell at you. The bolt of fire hits you!!
Ouch! That really hurt!
Maggie hits you but does no damage.
You feel very mighty all of a sudden. Maggie casts a spell at you.
The bolt of fire hits you!
* * * LOW HITPOINT WARNING * * *
You completely miss Maggie. Maggie gestures at you while chanting.
The bolt of fire hits you.
* * * LOW HITPOINT WARNING * * *
Maggie hits you with a +1 war axe of flaming.
You die...

#..###.# #... #......#
#### ######.### #...# ##
###.# #. ##)## #. #...#
#. ######### #...# #.
#..@....# #..[# #.
#.@####.###...######
..$.. #..........(##
#......................
#.#.#..####...........##
# #.#.# #.###...###### .
.# ...# #...# # # #####
#...# # #...# #


You could see Maggie (mesmerising).

Vanquished Creatures
  A troll (D:6)
  Grinder (D:3)
  3 yaks
  Edmund (D:5)
  A water moccasin (D:5)
  An orc warrior (D:6)
  A phantom (D:5)
  A centaur (D:6)
  Blork the orc (D:5)
  A bullfrog (D:6)
  3 necrophages
  2 scorpions
  2 hounds
  An orc priest (D:6)
  Crazy Yiuf (D:5)
  Ijyb (D:5)
  Terence (D:3)
  5 iguanas
  An orc wizard (D:6)
  13 mummies (Ossuary)
  A gnoll (D:1)
  9 adders
  3 river rats (Sewer)
  A white imp (D:5)
  4 worms
  6 dart slugs
  5 orcs
  11 bats
  3 endoplasms
  10 giant cockroaches
  6 goblins
  10 hobgoblins
  9 jackals
  3 quokkas
  7 ball pythons
  6 frilled lizards
  3 gnoll skeletons (Ossuary)
  4 goblin skeletons (Ossuary)
  A goblin zombie (D:6)
  6 kobolds
  A kobold skeleton (Ossuary)
  3 rats
  11 rat skeletons (Ossuary)
  A rat zombie (D:6)
166 creatures vanquished.

Notes
Turn   | Place    | Note
-------+----------+-------------------------------------------
     0 | D:1      | bande the Gargoyle Fighter began the quest for the Orb.
     0 | D:1      | Reached XP level 1. HP: 14/14 MP: 1/1
   266 | D:1      | Reached XP level 2. HP: 19/19 MP: 2/2
   425 | D:1      | HP: 1/20 [gnoll/+0 flail (8)]
   428 | D:1      | Reached XP level 3. HP: 1/24 MP: 3/3
  1142 | D:1      | Found a faded altar of an unknown god.
  1686 | D:2      | Reached XP level 4. HP: 16/29 MP: 4/4
  2773 | D:3      | Noticed Terence
  2794 | D:3      | Killed Terence
  2804 | D:3      | Found a glowing drain.
  2813 | Sewer    | Entered a sewer
  3134 | Sewer    | Reached XP level 5. HP: 33/33 MP: 5/5
  5120 | D:3      | Noticed Grinder
  5132 | D:3      | Paralysed by Grinder for 5 turns
  5140 | D:3      | Paralysed by Grinder for 2 turns
  5145 | D:3      | Killed Grinder
  5146 | D:3      | Reached skill level 5 in Armour
  5146 | D:3      | Reached XP level 6. HP: 12/39 MP: 6/6
  5598 | D:3      | You fall into a shaft and drop 1 floor!
  5599 | D:4      | Found a staircase to the Ecumenical Temple.
  5620 | Temple   | Entered the Ecumenical Temple
  5698 | D:4      | Reached XP level 7. HP: 40/44 MP: 7/7
  6763 | D:3      | Reached skill level 5 in Fighting
  7204 | D:5      | Entered Level 5 of the Dungeon
  7317 | D:5      | Reached skill level 1 in Evocations
  7319 | D:5      | Noticed Edmund
  7331 | D:5      | Killed Edmund
  7332 | D:5      | Reached skill level 5 in Axes
  7545 | D:5      | Noticed Blork the orc
  7553 | D:5      | Killed Blork the orc
  7554 | D:5      | Reached XP level 8. HP: 49/49 MP: 8/8
  7800 | D:5      | Found a runed translucent door.
  7801 | D:5      | Noticed Crazy Yiuf
  7903 | D:5      | Noticed a yak
  7917 | D:5      | Killed a yak
  8295 | D:5      | Noticed a yak
  8295 | D:5      | Noticed a yak
  8313 | D:4      | Killed a yak
  8641 | D:5      | Killed a yak
  8799 | D:5      | Noticed Ijyb
  8801 | D:5      | Paralysed by Ijyb for 7 turns
  8812 | D:5      | Paralysed by Ijyb for 3 turns
  8827 | D:5      | Paralysed by Ijyb for 2 turns
  8829 | D:5      | Killed Ijyb
  9075 | D:5      | Killed Crazy Yiuf
  9161 | D:6      | Reached XP level 9. HP: 52/55 MP: 9/9
  9260 | D:6      | Reached skill level 5 in Shields
  9378 | D:6      | Noticed a troll
  9383 | D:6      | Killed a troll
  9689 | D:6      | Found a sand-covered staircase.
  9698 | Ossuary  | Entered an ossuary
 10443 | D:6      | Identified a scroll of acquirement
 10443 | D:6      | Acquired the +9 broad axe of the Fray {protect, rCorr
                  | Stlth+}
 10711 | D:6      | Noticed Maggie
 10717 | D:6      | HP: 1/56 [Maggie/bolt of fire (5)]
 10717 | D:6      | Slain by Maggie

Illustrated notes

Levels and vault maps discovered:
D:1:      nzn_arrival_water_spiral, layout_loops_corners,
          hellmonk_ecumenical_altar_leap_of_faith
D:2:      layout_loops_corners
D:3:      layout_loops_corners, cheibrodos_sewer_entry_drain, uniq_terence,
          uniq_grinder
D:4:      layout_loops_ring, temple_hall
D:5:      layout_basic, kennysheep_boxes, uniq_blork_the_orc, uniq_ijyb,
          uniq_crazy_yiuf_cottage, uniq_edmund
D:6:      layout_loops_cross, enter_ossuary_4, uniq_maggie
Temple:   mainiacjoe_temple_coin_purse

Skill      XL: |  1  2  3  4  5  6  7  8  9 |
---------------+----------------------------+-----
Axes           | 2 4 5 6 7 |  7.6
Fighting       | 4 5 6 |  6.4
Armour         | 4 5 6 7 |  7.0
Shields        | 4 5 |  5.1
Evocations     | 1 3 4 |  4.0

Action                   |  1- 3 |  4- 6 |  7- 9 || total
-------------------------+-------+-------+-------++-------
Melee: War axe           |    89 |   242 |   291 ||   622
       Broad axe         |       |       |    19 ||    19
  Use: Scroll            |       |    14 |     3 ||    17
       Potion            |       |       |     1 ||     1
Armor: Scale mail        |    46 |   160 |       ||   206
       Chain mail        |       |       |    39 ||    39
       Plate armour      |       |       |   135 ||   135
Dodge: Dodged            |    59 |   160 |    65 ||   284
Block: Buckler           |    23 |    65 |    57 ||   145

Table legend: (Time is in decaauts)
 A = Elapsed time spent in this place.
 B = Non-inter-level travel time spent in this place.
 C = Inter-level travel time spent in this place.
 D = Time resting spent in this place.
 E = Time spent auto-exploring this place.
 F = Levels seen in this place.
 G = Mean time per level.
                   A        B        C        D        E       F      G
               +--------+--------+--------+--------+--------+-----+--------+
         Total |  11119 |  11003 |    116 |   2773 |   6355 |   9 | 1235.4 |
       Dungeon |   8560 |   8444 |    116 |   1857 |   5298 |   6 | 1426.7 |
        Temple |     24 |     24 |      0 |      0 |      1 |   1 |   24.0 |
         Sewer |   1826 |   1826 |      0 |    695 |    730 |   1 | 1826.0 |
       Ossuary |    707 |    707 |      0 |    221 |    325 |   1 |  707.0 |
               +--------+--------+--------+--------+--------+-----+--------+

Top non-repeatable levels by time:
   Sewer: 1826 daAuts
     D:4: 1717 daAuts
     D:5: 1657 daAuts
     D:3: 1526 daAuts
     D:1: 1473 daAuts
     D:2: 1306 daAuts
     D:6: 877 daAuts
 Ossuary: 707 daAuts
  Temple: 24 daAuts
